Map: Washout LE

Players

Hulk - Winner!

  • Race: Zerg Zerg

UpK

  • Race: Protoss Protoss

VOD

Have the link to the VOD?

Description

Claimed spawn hack

Time

  • Played on: Oct. 18, 2026, 11:44 a.m.
  • Length: 2:13
Show
View Real Time Build Order
Export as new Build Order

Hulk Zerg - Winner!

Build Orders: Hatch First 

Get SALT Encoding   

  12  0:29  Hatchery  
  12  0:30  Spawning Pool  
  11  0:52  Hatchery  
  10  1:05  Overlord  
  10  1:17  Zergling x2  
  10  1:18  Zergling x4  
  13  1:33  Zergling x2  
  14  1:40  Zergling x2  
  15  1:53  Zergling x2  
Show
View Real Time Build Order
Export as new Build Order

UpK Protoss 

Build Orders: 1 Gate Expand 

Get SALT Encoding   

  12  0:00  Probe  
  13  0:12  Probe  
  14  0:18  Pylon  
  14  0:24  Probe  
  15  0:37  Gateway  
  15  0:39  Probe (Chrono Boost)  
  16  0:49  Probe (Chrono Boost), Assimilator  
  17  0:54  Probe (Chrono Boost)  
  18  1:05  Probe (Chrono Boost)  
  19  1:18  Probe (Chrono Boost)  
  20  1:29  Probe (Chrono Boost)  
  20  1:32  Nexus  
  21  1:40  Cybernetics Core  
  21  1:44  Probe  
  22  1:55  Pylon  
  22  1:59  Assimilator  
  22  2:00  Probe  
Tags
 
Add a new tag
Caveats
  • Supply blocks, unpowered buildings, or Contaminate may cause inaccurate times.
  • Supply counts are checked every 10 seconds.